 Dungeon Crawl Stone Soup version 0.23-a0-391-g8c51ad5 (webtiles) character file.

28359 JeffiDaFish the Earth Mage (level 13, -4/76 HPs)
             Began as a Gargoyle Earth Elementalist on Oct 31, 2018.
             Was a High Priest of Sif Muna.
             Slain by a death yak (21 damage)
             ... on level 5 of the Lair of Beasts.
             The game lasted 00:46:28 (18411 turns).

JeffiDaFish the Earth Mage (GrEE)                  Turns: 18411, Time: 00:46:28

Health: -4/76      AC: 15    Str: 15    XL:     13   Next: 38%
Magic:  2/36       EV: 12    Int: 20    God:    Sif Muna [*****.]
Gold:   798        SH:  0    Dex: 10    Spells: 18/32 levels left

rFire    . . .     SeeInvis .   A - +8 falchion "Huidiroci" {flame, Str+2}
rCold    . . .     Gourm    .   (no shield)
rNeg     + . .     Faith    .   c - +0 robe
rPois    ∞         Spirit   .   p - +0 helmet
rElec    +         Reflect  .   (no cloak)
rCorr    .         Harm     .   D - +0 pair of gloves
MR       .....                  x - +1 pair of boots
Stlth    ++........             C - amulet of the acrobat
HPRegen  0.22/turn              I - ring of magical power
MPRegen  0.25/turn              h - ring of wizardry

@: about to teleport, divine energy
A: negative energy resistance 1, electricity resistance, unbreathing,
petrification resistance, rot immunity, AC +9
a: Stop Divine Energy, Channel Magic, Forget Spell, Renounce Religion


You were on level 5 of the Lair of Beasts.
You worshipped Sif Muna.
Sif Muna was extremely pleased with you.
You were hungry.

You visited 3 branches of the dungeon, and saw 18 of its levels.
You also visited: Sewer.

You collected 798 gold pieces.

Inventory:

Hand Weapons
 m - a +4 short sword of protection
 A - the +8 falchion "Huidiroci" (weapon) {flame, Str+2}
   (You found it on level 2 of the Lair of Beasts)

   It has been specially enchanted to burn those struck by it, causing extra
   injury to most foes and up to half again as much damage against particularly
   susceptible opponents.
   Big, fiery blades are also staple armaments of hydra-hunters.
   It affects your strength (+2).
Missiles
 b - 96 stones (quivered)
Armour
 c - a +0 robe (worn)
 p - a +0 helmet (worn)
 x - a +1 pair of boots (worn)
 D - a +0 pair of gloves (worn)
Jewellery
 h - a ring of wizardry (right hand)
 q - an uncursed ring of protection from fire
 C - an amulet of the acrobat (around neck)
 I - a ring of magical power (left hand)
Wands
 f - a wand of random effects (17)
 l - a wand of acid (20)
 w - a wand of iceblast (13)
 y - a wand of paralysis (24)
 B - a wand of digging (10)
Scrolls
 a - 5 scrolls of identify
 g - 7 scrolls of teleportation
 i - 14 scrolls of remove curse
 j - 3 scrolls of enchant weapon
 n - 2 scrolls of fog
 u - 2 scrolls of fear
 E - 2 scrolls of amnesia
 F - 2 scrolls of enchant armour
Potions
 e - 2 potions of flight
 k - 3 potions of might
 o - 7 potions of heal wounds
 r - 3 potions of curing
 s - 4 potions of brilliance
 t - 3 potions of haste
 v - a potion of cancellation
 z - a potion of berserk rage
 G - a potion of resistance
 H - a potion of invisibility
Comestibles
 d - 28 rations
 J - 5 chunks of flesh


   Skills:
 - Level 7.0 Fighting
 - Level 1.5 Dodging
 - Level 2.1 Stealth
 * Level 10.3 Spellcasting
 * Level 11.6 Conjurations
 + Level 2.8 Necromancy
   Level 0.7 Transmutations
 * Level 16.7 Earth Magic


You had 18 spell levels left.
You knew the following spells:

 Your Spells              Type           Power        Failure   Level  Hunger
a - Sandblast             Erth           ######       0%          1    None
b - Stone Arrow           Conj/Erth      ######       1%          3    None
c - Lee's Rapid Deconstr  Erth           ######....   1%          5    ####...
d - Bolt of Draining      Conj/Necr      #####.....   4%          5    ####...

Your spell library contained the following spells:

 Spells                   Type           Power        Failure   Level  Hunger
 Magic Dart               Conj           ####         1%          1    None
 Sting                    Conj/Pois      ####         1%          1    None
 Corpse Rot               Necr           N/A          1%          2    None
 Passwall                 Tmut/Erth      #####...     1%          2    None
 Searing Ray              Conj           ######       1%          2    None
 Conjure Flame            Conj/Fire      ####....     1%          3    None
 Dazzling Spray           Conj/Hex       ####..       1%          3    None
 Mephitic Cloud           Conj/Pois/Air  ####....     1%          3    None
 Iskenderun's Mystic Bla  Conj           ######..     1%          4    ##.....
 Petrify                  Tmut/Erth      #####...     1%          4    ##.....
 Corona                   Hex            ##.....      2%          1    None
 Infusion                 Chrm           ##..         2%          1    None
 Summon Small Mammal      Summ           ##..         2%          1    None
 Force Lance              Conj/Tloc      ####....     2%          4    ##.....
 Fulminant Prism          Conj/Hex       ####......   2%          4    ##.....
 Blink                    Tloc           N/A          4%          2    None
 Call Imp                 Summ           ##......     4%          2    None
 Poisonous Vapours        Pois/Air       ##....       4%          2    None
 Shroud of Golubria       Chrm/Tloc      ##........   4%          2    None
 Slow                     Hex            ##......     4%          2    None
 Song of Slaying          Chrm           ##......     4%          2    None
 Regeneration             Chrm/Necr      ###.......   4%          3    None
 Fireball                 Conj/Fire      ####......   7%          5    ####...
 Lightning Bolt           Conj/Air       ####......   7%          5    ####...
 Venom Bolt               Conj/Pois      ####......   7%          5    ####...
 Call Canine Familiar     Summ           ##......     9%          3    None
 Inner Flame              Hex/Fire       ##......     9%          3    None
 Spectral Weapon          Hex/Chrm       ##......     9%          3    None
 Summon Guardian Golem    Hex/Summ       ##......     9%          3    None
 Agony                    Necr           ###.....     24%         5    ####...
 Dispel Undead            Necr           ###.....     24%         5    ####...
 Olgreb's Toxic Radiance  Pois           ##......     26%         4    ##.....
 Summon Ice Beast         Ice/Summ       ##......     26%         4    ##.....
 Summon Lightning Spire   Summ/Air       ##......     26%         4    ##.....
 Excruciating Wounds      Chrm/Necr      ###.......   38%         5    ####...
 Lehudib's Crystal Spear  Conj/Erth      ######....   45%         8    #######
 Sublimation of Blood     Necr           Unusable     N/A         2    N/A

Dungeon Overview and Level Annotations

Branches:
Dungeon (11/15)            Temple (1/1) D:5            Lair (6/6) D:10
 Shoals (0/4) Lair:2        Snake (0/4) Lair:4          Orc (0/2) D:10
  Slime: Lair:5-6

Altars:
Ashenzari
Cheibriados
Elyvilon
Fedhas
Okawaru
Qazlal
Sif Muna
Trog
Vehumet
Wu Jian
Xom
The Shining One

Annotations:
D:10 1 runed door, meatyocre's ghost, novice DrTm
Lair:3 exclusion: oklob plant


Innate Abilities, Weirdness & Mutations

You are resistant to torment.
Your stone body is resilient. (AC +9)
You are immune to poison.
You resist negative energy. (rN+)
You are resistant to electric shocks. (rElec)
You can survive without breathing.
You are immune to petrification.
You are immune to rotting.


Message History

There is a stone staircase leading down here.
You regain access to your magic.
The death yak closely misses you.
Casting: Lee's Rapid Deconstruction (safe; 1% risk of failure)
Confirm with . or Enter, or press ? or * to list all spells.
Aiming: Bolt of Draining (safe; 4% risk of failure)
Press: ? - help, Shift-Dir - straight line, f - death yak
Aim: a death yak You miscast Bolt of Draining.
Sif Muna protects you from the effects of your miscast!
Sif Muna grants you divine energy.
You briefly lose access to your magic!
The death yak gores you. The death yak gores you!
The death yak seems less drained.
You regain access to your magic.
As you read the scroll of teleportation, it crumbles to dust.
You feel strangely unstable. The death yak gores you!
* * * LOW HITPOINT WARNING * * *
The death yak gores you!!
You die...

##.##.P#.#.##.##
#######.............##
.##.#................##
....................#.#
...................####
.#..###.#..........###
##.###..............P#
### ##............P##
#####..........@...P#
##.#..#........YY.PP##
.#..#.............P##
....................#
.##..#..............##
#######............#.#
#...#...........##
#P...............#
##..............##


You could see 2 death yaks.

Vanquished Creatures
  2 hydras
  A two-headed ogre (D:8)
  A death yak (Lair:6)
  An unseen horror (D:7)
  Joseph (D:9)
  A manticore (Lair:2)
  3 black mambas
  A gargoyle (D:10)
  A centaur skeleton (D:10)
  11 spiny frogs
  3 rime drakes
  6 komodo dragons
  6 polar bears
  4 dream sheep (Lair:4)
  8 hippogriffs
  2 slime creatures (D:5)
  11 blink frogs
  3 wyverns
  A spriggan (D:10)
  17 yaks
  4 basilisks
  The ghost of Muataran the Charmwright, an amateur GnSk (D:4)
  3 hungry ghosts
  An acid dragon (Lair:6)
  9 water moccasins
  4 orc warriors (D:10)
  8 porcupines
  2 ice beasts
  A black bear (D:9)
  7 ogres
  A sky beast (D:8)
  2 necrophages
  3 wolves (Lair:2)
  2 centaurs
  8 crocodiles
  8 big kobolds
  12 bullfrogs
  4 scorpions
  A water moccasin skeleton (D:4)
  An electric eel (D:10)
  A lava snake (Lair:2)
  4 hounds
  2 crimson imps
  A centaur zombie (D:9)
  6 jellies (D:5)
  A bullfrog skeleton (D:9)
  4 orc priests
  Ijyb (D:4)
  Jessica (D:3)
  16 orc wizards
  2 iguanas
  8 worker ants
  A hound zombie (D:5)
  2 hound skeletons
  6 gnolls (D:3)
  15 adders
  3 river rats (Sewer)
  3 shadow imps
  7 oozes
  An adder skeleton (D:6)
  2 adder zombies
  3 worms
  8 leopard geckos
  53 orcs
  7 bats
  4 giant cockroaches
  13 goblins
  7 hobgoblins
  8 jackals
  15 kobolds
  5 quokkas
  8 ball pythons
  A frilled lizard (D:3)
  A quokka zombie (D:5)
  14 rats
400 creatures vanquished.

Vanquished Creatures (others)
  6 fungi
  7 plants
  10 toadstools (D:5)
23 creatures vanquished.

Grand Total: 423 creatures vanquished

Notes
Turn   | Place    | Note
-------+----------+-------------------------------------------
     0 | D:1      | JeffiDaFish the Gargoyle Earth Elementalist began the quest
                  | for the Orb.
     0 | D:1      | Reached XP level 1. HP: 10/10 MP: 3/3
    73 | D:1      | Reached skill level 4 in Earth Magic
    95 | D:1      | Reached XP level 2. HP: 14/15 MP: 5/5
   732 | D:1      | Reached XP level 3. HP: 11/19 MP: 6/6
  1149 | D:2      | Learned a level 3 spell: Stone Arrow
  1390 | D:2      | Reached skill level 5 in Earth Magic
  1403 | D:2      | Found an iron altar of Okawaru.
  1505 | D:2      | Reached XP level 4. HP: 21/24 MP: 6/8
  1629 | D:2      | Found a deep blue altar of Sif Muna.
  1632 | D:2      | Became a worshipper of Sif Muna the Loreminder
  1759 | D:3      | Reached skill level 1 in Conjurations
  2079 | D:3      | Found a bloodstained altar of Trog.
  2096 | D:3      | Reached XP level 5. HP: 28/28 MP: 4/9
  2186 | D:3      | Found a white marble altar of Elyvilon.
  2353 | D:3      | Found a stormy altar of Qazlal.
  2480 | D:3      | Reached skill level 6 in Earth Magic
  2741 | D:3      | Noticed Jessica
  2749 | D:3      | Killed Jessica
  2749 | D:3      | Reached * piety under Sif Muna
  2759 | D:3      | Reached XP level 6. HP: 30/32 MP: 4/11
  3110 | D:4      | Found a large runed door.
  3110 | D:4      | Found a large runed door.
  3115 | D:4      | Noticed Muataran's ghost (amateur GnSk)
  3222 | D:4      | Reached skill level 7 in Earth Magic
  3336 | D:4      | Learned a level 5 spell: Lee's Rapid Deconstruction
  3492 | D:4      | Noticed Ijyb
  3504 | D:4      | Killed Ijyb
  3504 | D:4      | Reached XP level 7. HP: 34/36 MP: 1/12
  3794 | D:5      | Entered Level 5 of the Dungeon
  4032 | D:5      | Found a glowing drain.
  4046 | D:5      | Reached ** piety under Sif Muna
  4079 | Sewer    | Entered a sewer
  4107 | Sewer    | Reached skill level 8 in Earth Magic
  4174 | Sewer    | Reached XP level 8. HP: 39/41 MP: 1/14
  4359 | Sewer    | Reached skill level 9 in Earth Magic
  4728 | D:5      | Reached skill level 5 in Spellcasting
  4852 | D:5      | Reached *** piety under Sif Muna
  4852 | D:5      | Reached skill level 5 in Conjurations
  4932 | D:5      | Found a staircase to the Ecumenical Temple.
  4941 | Temple   | Entered the Ecumenical Temple
  5038 | D:5      | Found a blossoming altar of Fedhas.
  5247 | D:5      | Found a glowing golden altar of the Shining One.
  5312 | D:5      | Reached skill level 10 in Earth Magic
  5315 | D:5      | Reached XP level 9. HP: 39/45 MP: 6/17
  5824 | D:6      | Reached skill level 11 in Earth Magic
  5832 | D:6      | Reached **** piety under Sif Muna
  6286 | D:6      | Found a snail-covered altar of Cheibriados.
  6744 | D:7      | Reached skill level 1 in Fighting
  7111 | D:7      | Found a bloodstained altar of Trog.
  7126 | D:7      | Reached XP level 10. HP: 25/54 MP: 12/19
  7328 | D:7      | Killed an unseen horror
  7328 | D:7      | Reached skill level 12 in Earth Magic
  7900 | D:8      | Found a shattered altar of Ashenzari.
  7900 | D:8      | Found a radiant altar of Vehumet.
  7902 | D:8      | Found an ornate altar of the Wu Jian Council.
  8063 | D:8      | You fall through a shaft for 3 floors!
  8067 | D:11     | Reached ***** piety under Sif Muna
  8084 | D:11     | Received a gift from Sif Muna
  8102 | D:10     | Entered Level 10 of the Dungeon
  8365 | D:10     | Found a staircase to the Lair.
  8422 | D:10     | Identified a scroll of acquirement
  8432 | D:10     | Found a runed door.
  8436 | D:10     | Noticed meatyocre's ghost (novice DrTm)
  8584 | D:10     | Noticed a gargoyle
  8596 | D:10     | Killed a gargoyle
  9008 | D:9      | Noticed Joseph
  9032 | D:9      | Killed Joseph
  9032 | D:9      | Reached skill level 13 in Earth Magic
  9842 | D:8      | Reached skill level 5 in Fighting
  9842 | D:8      | Reached XP level 11. HP: 63/63 MP: 14/22
  9938 | D:8      | Noticed a two-headed ogre
  9948 | D:8      | Killed a two-headed ogre
 10389 | D:8      | Identified the -2 helmet "Gimaogai" {rC+ Int+2} (You found
                  | it on level 8 of the Dungeon)
 11240 | D:10     | Found a staircase to the Orcish Mines.
 11449 | D:10     | Noticed an ettin
 11590 | D:4      | Killed Muataran's ghost
 11734 | Lair:1   | Entered Level 1 of the Lair of Beasts
 11901 | Lair:1   | Reached skill level 14 in Earth Magic
 12779 | Lair:2   | Received a gift from Sif Muna
 12817 | Lair:2   | Identified the +8 falchion "Huidiroci" {flame, Str+2} (You
                  | found it on level 2 of the Lair of Beasts)
 13058 | Lair:2   | Reached XP level 12. HP: 30/71 MP: 8/24
 13285 | Lair:2   | Found a staircase to the Shoals.
 13295 | Lair:2   | Reached skill level 15 in Earth Magic
 14121 | Lair:3   | Reached skill level 10 in Conjurations
 14359 | Lair:3   | Received a gift from Sif Muna
 14369 | Lair:3   | Learned a level 5 spell: Bolt of Draining
 15798 | Lair:3   | Noticed a six-headed hydra
 15805 | Lair:3   | Killed a six-headed hydra
 15805 | Lair:3   | Reached skill level 1 in Necromancy
 15805 | Lair:3   | Reached skill level 16 in Earth Magic
 16265 | Lair:4   | Reached XP level 13. HP: 76/76 MP: 10/26
 16816 | Lair:4   | Reached skill level 10 in Spellcasting
 16949 | Lair:4   | Found a staircase to the Snake Pit.
 17177 | Lair:4   | Identified Omimotat's Collected Works on Confrontation and
                  | Execration (Sif Muna gifted it to you on level 4 of the
                  | Lair of Beasts)
 17177 | Lair:4   | Received a gift from Sif Muna
 18338 | Lair:6   | Entered Level 6 of the Lair of Beasts
 18411 | Lair:5   | Slain by a death yak

Vault maps used:
D:1:      grunt_arrival_crossed_arrows, minmay_misc_feat_columns
D:2:      okawaru_metal_pillars_1_2, lemuel_blue_sif_altar
D:3:      lemuel_coloured_pillars_altar, elyvilon_altar_5, lemuel_crystal_altar,
          minivault_11, chequers_big_river, serial_bayou_crossing, uniq_jessica
D:4:      ebering_ghost_disaster_area, uniq_ijyb
D:5:      cheibrodos_fertilizer, kennysheep_little_box, lemuel_round_altar,
          lemuel_temple_firewalk_a, nicolae_ossuary_entry_false_entrances,
          first_ration, cheibrodos_sewer_entry_drain, serial_park_tiny_2,
          minmay_misc_feat_four_crosses, st_stairs_3, minmay_crossroads
D:6:      kennysheep_mini, minmay_parallelograms
D:7:      trog_three_pillars_becter
D:8:      gammafunk_temple_overflow_claw
D:9:      uniq_joseph
D:10:     lair_entry_dummy, erik_orc_2, ebering_ghost_inner_flame, the_bakery
D:11:     lab_entry_generic, serial_shops, nicolae_shop_stone,
          nicolae_dithmenos_shadow_blocks
Temple:   minmay_temple_curvy_loop
Lair:1:   infiniplex_staircase_pool_2
Lair:2:   minmay_shoals_entry_beasts, cheibrodos_lair_lostbears,
          infiniplex_staircase_pool, grunt_megastairs_1
Lair:3:   cheibrodos_lair_river_kwai, st_stairs_5, minmay_lair_oklob_items,
          grunt_megastairs_4
Lair:4:   dummy_snake_entry
Lair:6:   wormcave, guppyfry_lair_end_dragon, dpeg_slime_entry_enclosed_altar
Sewer:    sewer_co_tree

Skill      XL: |  1  2  3  4  5  6  7  8  9 10 11 12 13 |
---------------+----------------------------------------+-----
Earth Magic    | 4 5 6 7 8 10 11 13 14 16 | 16.7
Conjurations   | 1 2 3 4 5 7 8 9 11 | 11.6
Spellcasting   | 3 4 5 6 7 8 9 10 | 10.3
Fighting       | 2 5 6 7 |  7.0
Necromancy     | 1 2 |  2.8
Dodging        | |  1.5
Stealth        | |  2.1
Transmutations | |  0.7

Action                   |  1- 3 |  4- 6 |  7- 9 | 10-12 | 13-15 || total
-------------------------+-------+-------+-------+-------+-------++-------
Melee: Whip              |    83 |   105 |       |       |       ||   188
       Unarmed           |     2 |       |       |       |       ||     2
       Short sword       |       |    19 |   250 |   122 |       ||   391
       Falchion          |       |       |       |    57 |    10 ||    67
 Cast: Sandblast         |    16 |    38 |    82 |   116 |    51 ||   303
       Stone Arrow       |     2 |    11 |    29 |   129 |    25 ||   196
       Lee's Rapid Decon |       |       |    14 |    57 |     4 ||    75
       Bolt of Draining  |       |       |       |     6 |    10 ||    16
Invok: Divine Energy     |       |       |     1 |       |       ||     1
Evoke: Wand              |       |       |       |     4 |       ||     4
  Use: Scroll            |     6 |     1 |     8 |     7 |     3 ||    25
       Potion            |     2 |     4 |     2 |     2 |       ||    10
 Stab: Sleeping          |     3 |     2 |       |     6 |     1 ||    12
       Invisible         |       |       |     1 |       |       ||     1
       Distracted        |       |       |       |     2 |       ||     2
  Eat: Chunk             |     2 |     6 |    17 |    32 |     6 ||    63
       Ration            |       |     1 |       |     4 |     1 ||     6
Armor: Robe              |    27 |    51 |   140 |   142 |    24 ||   384
Dodge: Dodged            |    61 |    90 |   221 |   195 |    35 ||   602
       Rpst.: Falchion   |       |       |       |    19 |    10 ||    29

Table legend:
 A = Non-vault XP
 B = Vault XP
 C = Vault XP percentage of total XP
 D = Non-vault monster count
 E = Vault monster count
 F = Vault count percentage of total count
                 A         B        C        D         E       F
            +---------+---------+-------+---------+---------+-------
      Total |   31152 |    9362 |  23.1 |     300 |     100 |  25.0
            +---------+---------+-------+---------+---------+-------
        D:1 |      41 |       0 |   0.0 |      21 |       0 |   0.0
        D:2 |      62 |       0 |   0.0 |      15 |       0 |   0.0
        D:3 |     221 |      37 |  14.3 |      35 |       1 |   2.8
        D:4 |     373 |     228 |  37.9 |      15 |       2 |  11.8
        D:5 |     484 |    1198 |  71.2 |      25 |      25 |  50.0
        D:6 |     397 |       0 |   0.0 |      21 |       0 |   0.0
        D:7 |    2132 |       0 |   0.0 |      28 |       0 |   0.0
        D:8 |    2060 |       0 |   0.0 |      21 |       0 |   0.0
        D:9 |    1265 |     502 |  28.4 |      14 |       1 |   6.7
       D:10 |    1239 |    1015 |  45.0 |      10 |      22 |  68.8
       D:11 |     313 |       0 |   0.0 |       3 |       0 |   0.0
     Lair:1 |    2946 |       0 |   0.0 |      11 |       0 |   0.0
     Lair:2 |    4321 |    2312 |  34.9 |      21 |       7 |  25.0
     Lair:3 |    4043 |    3074 |  43.2 |      17 |      11 |  39.3
     Lair:4 |    7881 |       0 |   0.0 |      33 |       0 |   0.0
     Lair:5 |    2359 |       0 |   0.0 |       8 |       0 |   0.0
     Lair:6 |    1015 |     302 |  22.9 |       2 |       3 |  60.0
      Sewer |       0 |     694 | 100.0 |       0 |      28 | 100.0
            +---------+---------+-------+---------+---------+-------
